 Dungeon Crawl Stone Soup version 0.23.2-33-g5129a83184 (webtiles) character file.

Game seed: 9207147268751348644

3882 Lauz the Basher (level 10, -1/60 HPs)
             Began as a Gargoyle Fighter on July 10, 2019.
             Was a Follower of Vehumet.
             Slain by Gastronok (13 damage)
             ... on level 8 of the Dungeon.
             The game lasted 00:29:15 (9519 turns).

Lauz the Basher (Gargoyle Fighter)                  Turns: 9519, Time: 00:29:16

Health: -1/60      AC: 17    Str: 21    XL:     10   Next: 19%
Magic:  10/10      EV: 10    Int: 11    God:    Vehumet [*.....]
Gold:   524        SH: 11    Dex:  9    Spells: 7/9 levels left

rFire    . . .     SeeInvis .   a - +1 flail
rCold    . . .     Gourm    .   c - +0 shield
rNeg     + . .     Faith    .   b - +0 scale mail
rPois    ∞         Spirit   .   (no helmet)
rElec    +         Reflect  .   (no cloak)
rCorr    .         Harm     .   (no gloves)
MR       .....                  g - +1 pair of boots
Stlth    ..........             (no amulet)
HPRegen  0.20/turn              (no ring)
MPRegen  0.12/turn              (no ring)

@: about to teleport, slowed, very slow
A: negative energy resistance 1, electricity resistance, unbreathing,
petrification resistance, rot immunity, AC +7
a: Renounce Religion


You were on level 8 of the Dungeon.
You worshipped Vehumet.
Vehumet was aware of your devotion.
You were not hungry.

You visited 2 branches of the dungeon, and saw 10 of its levels.
You also visited: Sewer.

You collected 524 gold pieces.

Inventory:

Hand Weapons
 a - a +1 flail (weapon)
Missiles
 A - 61 stones (quivered)
Armour
 b - a +0 scale mail (worn)
 c - a +0 shield (worn)
 g - a +1 pair of boots (worn)
Jewellery
 m - an uncursed ring of ice
 s - an uncursed amulet of inaccuracy
Wands
 w - a wand of flame (7)
Scrolls
 d - 8 scrolls of identify
 e - 3 scrolls of teleportation
 h - 2 scrolls of fog
 l - 2 scrolls of enchant armour
 o - a scroll of blinking
 p - 3 scrolls of amnesia
 u - 2 scrolls of enchant weapon
 y - a scroll of magic mapping
Potions
 i - 2 potions of lignification
 j - 5 potions of flight
 k - a potion of mutation {unknown}
 n - 3 potions of brilliance {unknown}
 q - 3 potions of curing {unknown}
 r - a potion of magic {unknown}
 t - a potion of might
 v - 3 potions of heal wounds
 x - a potion of invisibility {unknown}
 z - 2 potions of haste {unknown}
Comestibles
 f - 13 rations


   Skills:
 + Level 6.1 Fighting
 + Level 8.6 Maces & Flails
 + Level 6.9 Armour
 + Level 3.9 Dodging
 + Level 8.5 Shields
 + Level 0.3 Spellcasting
 + Level 1.9 Conjurations
 * Level 1.7 Earth Magic


You had 7 spell levels left.
You knew the following spells:

 Your Spells              Type           Power        Failure   Level  Hunger
a - Magic Dart            Conj           #...         65%         1    ##.....
b - Sandblast             Erth           #.....       67%         1    ##.....

Your spell library contained the following spells:

 Spells                   Type           Power        Failure   Level  Hunger
 Shock                    Conj/Air       #...         80%         1    ##.....
 Summon Small Mammal      Summ           #...         90%         1    ##.....
 Blink                    Tloc           N/A          97%         2    ###....
 Call Imp                 Summ           #.......     97%         2    ###....
 Slow                     Hex            #.......     97%         2    ###....
 Swiftness                Chrm/Air       #.......     97%         2    ###....
 Call Canine Familiar     Summ           #.......     99%         3    ####...
 Conjure Flame            Conj/Fire      #.......     99%         3    ####...
 Mephitic Cloud           Conj/Pois/Air  #.......     99%         3    ####...
 Static Discharge         Conj/Air       #.......     99%         3    ####...
 Summon Guardian Golem    Hex/Summ       #.......     99%         3    ####...
 Airstrike                Air            #.........   100%        4    #####..
 Summon Ice Beast         Ice/Summ       #.......     100%        4    #####..
 Summon Lightning Spire   Summ/Air       #.......     100%        4    #####..
 Lightning Bolt           Conj/Air       #.........   100%        5    ######.


Dungeon Overview and Level Annotations

Branches:
Dungeon (9/15)             Temple (1/1) D:7
   Lair: D:8-11         Orc: D:9-12

Altars:
Elyvilon
Fedhas
Kikubaaqudgha
Makhleb
Nemelex Xobeh
Qazlal
Sif Muna
Trog
Vehumet
Wu Jian
Zin
Lugonu

Shops:
D:5 ?:**

Annotations:
D:7 2 transporters
D:8 Gastronok


Innate Abilities, Weirdness & Mutations

You are resistant to torment.
Your stone body is resilient. (AC +7)
You are immune to poison.
You resist negative energy. (rN+)
You are resistant to electric shocks. (rElec)
You can survive without breathing.
You are immune to petrification.
You are immune to rotting.


Message History

The air twists around and strikes you!
You hit Gastronok but do no damage.
Gastronok is moderately wounded.
The quokka barely misses you.
The quokka bites you but does no damage.
You block Gastronok's attack.
You thump Gastronok!
Gastronok is moderately wounded.
You block the quokka's attack.
The quokka bites you but does no damage.
Gastronok bites you!!
* * * LOW HITPOINT WARNING * * *
As you read the scroll of teleportation, it crumbles to dust.
You feel strangely unstable. The quokka barely misses you.
The quokka bites you but does no damage.
Unknown command.
You sock Gastronok!
Gastronok is heavily wounded.
You block the quokka's attack. Gastronok bites you!
You die...

#.# #.######..###
#.## #..#####....###
#..# #...##........##
#..#####.....#####..#
##..# ##...## ##.###
#..# ##...# ##..#
##.# #..b## #### ##>#
##..rw### #####..#
#).##@..######
.......##
##.####÷......#
####....###.##
##....### #
##<).....# #....#
####)[####### #...##
.....## #....##
.....# ### ##.....#
#...## ##.####...####
.....# ##.........#


You could see Gastronok, a quokka and a bat.

Vanquished Creatures
  Pikel (D:6)
  A hippogriff (D:7)
  A black bear (D:7)
  A sky beast (D:7)
  4 ogres
  2 necrophages
  4 centaurs
  7 bullfrogs
  A water moccasin zombie (D:8)
  3 killer bees
  A scorpion (D:7)
  2 howler monkeys (D:7)
  6 crimson imps
  3 hounds
  5 jellies
  3 orc priests
  A gnoll shaman (D:7)
  8 orc wizards
  A centaur skeleton (D:9)
  3 iguanas
  7 worker ants
  A merfolk avatar (Sewer)
  A merfolk siren (Sewer)
  A hound skeleton (D:4)
  A worker ant zombie (D:5)
  7 gnolls
  2 river rats (Sewer)
  12 adders
  7 oozes
  2 adder zombies
  6 worms
  A dart slug (D:3)
  7 leopard geckos
  25 orcs
  6 ball pythons
  5 giant cockroaches
  7 hobgoblins
  12 jackals
  9 kobolds
  3 quokkas
  4 bats
  10 frilled lizards
  4 goblins
  A jackal zombie (D:5)
  A quokka skeleton (D:7)
  30 rats
230 creatures vanquished.

Vanquished Creatures (others)
  A bullfrog (D:7)
  A howler monkey (D:7)
2 creatures vanquished.

Grand Total: 232 creatures vanquished

Notes
Turn   | Place    | Note
-------+----------+-------------------------------------------
     0 | D:1      | Lauz the Gargoyle Fighter began the quest for the Orb.
     0 | D:1      | Reached XP level 1. HP: 14/14 MP: 1/1
   109 | D:1      | Reached XP level 2. HP: 15/19 MP: 2/2
   691 | D:2      | Reached XP level 3. HP: 23/23 MP: 3/3
  1741 | D:2      | Reached XP level 4. HP: 27/28 MP: 4/4
  1967 | D:3      | Found a burning altar of Makhleb.
  2022 | D:3      | Reached skill level 1 in Dodging
  2070 | D:3      | Reached XP level 5. HP: 31/33 MP: 5/5
  2123 | D:3      | Found a glowing drain.
  2162 | Sewer    | Entered a sewer
  2734 | Sewer    | Noticed a malarious merfolk avatar
  2763 | Sewer    | Reached XP level 6. HP: 38/38 MP: 6/6
  3002 | D:3      | Found a deep blue altar of Sif Muna.
  3333 | D:3      | Reached skill level 5 in Shields
  3658 | D:4      | Reached XP level 7. HP: 31/44 MP: 7/7
  4073 | D:4      | Reached skill level 5 in Maces & Flails
  4535 | D:5      | Entered Level 5 of the Dungeon
  4643 | D:5      | Found Cyapufra's Magic Scroll Emporium.
  4739 | D:5      | Found Icaleole's Assorted Antiques.
  4951 | D:5      | Found Xysu's Assorted Antiques.
  4954 | D:5      | Found Uticy's Book Emporium.
  5301 | D:6      | Reached XP level 8. HP: 20/48 MP: 8/8
  5309 | D:6      | Reached skill level 5 in Armour
  5681 | D:6      | Reached skill level 5 in Fighting
  6459 | D:7      | Reached XP level 9. HP: 48/54 MP: 9/9
  6739 | D:7      | Noticed Pikel
  6813 | D:6      | Killed Pikel
  7087 | D:7      | Found a transporter.
  7087 | D:7      | Noticed a red ugly thing
  7088 | D:7      | Found a corrupted altar of Lugonu.
  7088 | D:7      | Found a transporter.
  7088 | D:7      | Noticed a green ugly thing
  7089 | D:7      | Noticed a green ugly thing
  7089 | D:7      | Noticed a brown ugly thing
  7283 | D:7      | Found a staircase to the Ecumenical Temple.
  7316 | Temple   | Entered the Ecumenical Temple
  7324 | Temple   | Became a worshipper of Vehumet
  7340 | D:7      | Found a white marble altar of Elyvilon.
  7629 | D:8      | Learned a level 1 spell: Magic Dart
  7731 | D:8      | Reached skill level 1 in Conjurations
  7999 | D:8      | Reached XP level 10. HP: 28/60 MP: 10/10
  8335 | D:8      | Reached * piety under Vehumet
  8335 | D:8      | Offered knowledge of Sandblast by Vehumet.
  8343 | D:8      | Learned a level 1 spell: Sandblast
  8673 | D:8      | Reached skill level 1 in Earth Magic
  9374 | D:9      | Noticed Gastronok
  9519 | D:8      | Slain by Gastronok

Skill      XL: |  1  2  3  4  5  6  7  8  9 10 |
---------------+-------------------------------+-----
Shields        | 4 5 6 8 |  8.5
Dodging        | 1 2 3 |  3.9
Maces & Flails | 3 4 5 6 8 |  8.6
Armour         | 4 5 6 |  6.9
Fighting       | 4 5 6 |  6.1
Conjurations   | 1 |  1.9
Earth Magic    | 1 |  1.7
Spellcasting   | |  0.3

Action                   |  1- 3 |  4- 6 |  7- 9 | 10-12 || total
-------------------------+-------+-------+-------+-------++-------
Melee: Flail             |   157 |   327 |   788 |   236 ||  1508
 Cast: Magic Dart        |       |       |       |     1 ||     1
       Sandblast         |       |       |       |     1 ||     1
  Use: Scroll            |       |     5 |     7 |     2 ||    14
       Potion            |       |     1 |       |       ||     1
  Eat: Chunk             |     3 |     7 |    16 |     6 ||    32
Armor: Scale mail        |    70 |   189 |   391 |   108 ||   758
Dodge: Dodged            |    52 |   116 |   299 |    88 ||   555
Block: Shield            |    98 |   190 |   439 |   134 ||   861
